 Dungeon Crawl Stone Soup version 0.28.0-49-g6dfe1f597d (webtiles) character file.

Game seed: 17211831510421375230

138 Zeld the Conjurer (level 5, -1/42 HPs)
             Began as a Draconian Conjurer on May 18, 2022.
             Killed by nerve-wracking pain
             ... invoked by Grinder
              (7 damage)
             ... on level 3 of the Dungeon.
             The game lasted 00:04:22 (3093 turns).

Zeld the Conjurer (Draconian Conjurer)              Turns: 3093, Time: 00:04:23

Health: -1/42      AC:  5    Str:  9    XL:     5   Next: 1%
Magic:  9/9        EV: 12    Int: 21    God:
Gold:   107        SH:  0    Dex:  9    Spells: 3/10 levels left

rFire   + . .      SeeInvis .   (no weapon)
rCold   + . .      Faith    .   (no shield)
rNeg    . . .      Spirit   .   (armour unavailable)
rPois   .          Reflect  .   (helmet restricted)
rElec   .          Harm     .   g - scarf {rC+ rF+}
rCorr   .          Rampage  .   (no gloves)
Will    .....                   (no boots)
Stlth   ++........              (no amulet)
HPRegen 0.14/turn               m - ring of wizardry
MPRegen 0.11/turn               (no ring)

@: no status effects
A: AC +5, unfitting armour, cold-blooded
a: no special abilities


You were on level 3 of the Dungeon.
You visited 1 branch of the dungeon, and saw 3 of its levels.

You collected 162 gold pieces.
You spent 55 gold pieces at shops.

Inventory:

Armour
 g - a scarf of resistance (worn)
Jewellery
 m - a ring of wizardry (left hand)
Wands
 n - a wand of acid (15)
Scrolls
 a - 3 scrolls of identify
 b - 2 scrolls of immolation {unknown}
 c - 2 scrolls of teleportation {unknown}
 f - a scroll of vulnerability {unknown}
 h - a scroll of brand weapon {unknown}
 i - a scroll of summoning {unknown}
 k - 3 scrolls of fog {unknown}
Potions
 d - a potion of flight {unknown}
 e - a potion of might {unknown}
 j - a potion of curing
 l - a potion of mutation {unknown}


   Skills:
 * Level 2.6 Fighting
 - Level 1.7 Dodging
 + Level 2.4 Stealth
 * Level 3.0 Spellcasting
 * Level 4.7 Conjurations


You had 3 spell levels left.
You knew the following spells:

 Your Spells              Type           Power      Damage    Failure   Level
a - Magic Dart            Conj           92%        1d7       1%          1
b - Searing Ray           Conj           46%        2d6       1%          2
c - Fulminant Prism       Conj/Hex       6%         3d7       21%         4

Your spell library contained the following spells:

 Spells                   Type           Power      Damage    Failure   Level
 Beastly Appendage        Tmut           6%         N/A       5%          1
 Dazzling Flash           Conj/Hex       26%        N/A       6%          3
 Wereblood                Tmut           3%         N/A       9%          2
 Spider Form              Tmut/Pois      3%         N/A       16%         3
 Iskenderun's Mystic Bla  Conj/Tloc      13%        2d5       21%         4


Dungeon Overview and Level Annotations

Branches:
Dungeon (3/15)

Altars:

Shops:
D:3 *

Annotations:
D:3 1 runed translucent door, Crazy Yiuf, Grinder, Ijyb


Innate Abilities, Weirdness & Mutations

Your plain brown scales are hard. (AC +5)
You cannot fit into any form of body armour.
You are cold-blooded and may be slowed by cold attacks.


Message History

The giant cockroach misses you. Grinder gestures at you.
You suddenly lose the ability to move!
The giant cockroach bites you but does no damage.
The giant cockroach bites you but does no damage.
The giant cockroach bites you.
Grinder says, "Mostly I couldn't keep them alive."
The giant cockroach bites you but does no damage.
The giant cockroach bites you but does no damage.
The giant cockroach bites you. x2
You can move again.
Unknown command.
Grinder blinks!
You completely miss Grinder.
Grinder is lightly wounded.
Grinder closely misses you. The giant cockroach barely misses you.
You hit Grinder but do no damage.
Grinder is lightly wounded.
Grinder completely misses you. The giant cockroach misses you.
Grinder gestures at you.
You suddenly lose the ability to move!
The giant cockroach bites you but does no damage.
Grinder barely misses you.
The giant cockroach bites you but does no damage.
Grinder hits you.
You writhe in agony.
The giant cockroach bites you. Grinder hits you but does no damage.
The giant cockroach completely misses you.
The giant cockroach bites you but does no damage.
Grinder hits you!
You writhe in agony.
The giant cockroach bites you but does no damage.
Grinder hits you!
* * * LOW HITPOINT WARNING * * *
You writhe in agony.
* * * LOW HITPOINT WARNING * * *
The giant cockroach bites you.
* * * LOW HITPOINT WARNING * * *
You can move again.
Grinder gestures at you. Pain shoots through your body!
You die...

#....##.......####..#....#######
#...∩.........# ##...#.##
#.##..........# ##...#..# #
#..##......###...##.##
#.##..##.<....##.......#
#........))...##....####
###..........#...#.#
#)####.###..)###.# #.#
#.....5.@...# ..#......#.B######
#.##.####.##.# #.#. #.##.## #.
#.##..# #. ..###.## .. ### #..#
##.# # #.# #..


You could see Grinder and a giant cockroach.

Vanquished Creatures
  8 adders
  A worm (D:2)
  A dart slug (D:2)
  4 ball pythons
  4 bats
  3 endoplasms (D:2)
  2 giant cockroaches
  14 goblins
  4 hobgoblins
  A jackal (D:3)
  4 quokkas
  6 frilled lizards
  5 kobolds
  2 rats
59 creatures vanquished.

Notes
Turn   | Place    | Note
-------+----------+-------------------------------------------
     0 | D:1      | Zeld the Draconian Conjurer began the quest for the Orb.
     0 | D:1      | Reached XP level 1. HP: 14/14 MP: 3/3
   308 | D:1      | Reached XP level 2. HP: 22/22 MP: 0/5
   823 | D:2      | Reached skill level 1 in Fighting
  1028 | D:2      | Reached XP level 3. HP: 21/28 MP: 0/6
  1150 | D:2      | Learned a level 2 spell: Searing Ray
  1522 | D:2      | Reached XP level 4. HP: 33/36 MP: 4/8
  1570 | D:2      | Learned a level 4 spell: Fulminant Prism
  2007 | D:3      | Noticed Grinder
  2007 | D:3      | Found a faded altar of an unknown god.
  2050 | D:3      | Found Habaoqul's General Store.
  2287 | D:3      | Bought a potion of curing for 33 gold pieces
  2287 | D:3      | Bought a scroll of identify for 22 gold pieces
  2465 | D:3      | Found a runed translucent door.
  2466 | D:3      | Noticed Crazy Yiuf
  2677 | D:3      | Noticed Ijyb
  2984 | D:3      | Reached XP level 5. HP: 35/42 MP: 6/9
  3064 | D:3      | Paralysed by Grinder for 5 turns
  3077 | D:3      | Paralysed by Grinder for 6 turns
  3086 | D:3      | Paralysed by Grinder for 6 turns
  3093 | D:3      | Killed from afar by Grinder

Illustrated notes

Levels and vault maps discovered:
D:1:      minmay_arrival_cross, layout_basic, minmay_misc_feat_cross
D:2:      layout_basic, minmay_misc_feat_enclosed, minmay_3d_cube
D:3:      kennysheep_goblin_castle, layout_rooms,
          nicolae_qazlal_style_of_elements, dreamdust_ecumenical_altar_statues,
          serial_shops, nicolae_square_shop, uniq_grinder,
          uniq_crazy_yiuf_cottage

Skill      XL: |  1  2  3  4 |
---------------+-------------+-----
Stealth        | 2 |  2.4
Fighting       | 1 2 |  2.6
Spellcasting   | 3 |  3.0
Dodging        | |  1.7
Conjurations   | |  4.7

Action                   |  1- 3 |  4- 6 || total
-------------------------+-------+-------++-------
Melee: Unarmed           |    62 |    12 ||    74
       Tailslap          |    10 |     1 ||    11
 Cast: Magic Dart        |    57 |    52 ||   109
       Searing Ray       |       |     6 ||     6
Armor: Skin              |    23 |    22 ||    45
Dodge: Dodged            |    71 |    50 ||   121
